 Dungeon Sprint DCSS version 0.28-a0-48-gfd831c5874 (webtiles) character file.

Game seed: 18231345794795622218

3100000 arson the Impregnable (level 19, -19/231 HPs)
             Began as a Troll Warper on July 29, 2021.
             Was a High Priest of Makhleb.
             Demolished by The Servant (135 damage)
             ... in the Dungeon (Sprint VIII: "Arena of Blood").
             The game lasted 00:04:53 (31 turns).

arson the Impregnable (Troll Warper)                  Turns: 31, Time: 00:04:53

Health: -19/231    AC:  6    Str: 24    XL:     19   Next: 97%
Magic:  5/41       EV: 22    Int:  9    God:    Makhleb [*****.]
Gold:   0          SH:  0    Dex: 15    Spells: 56/56 levels left

rFire   . . .      SeeInvis .   i - +∞ Axe of Woe
rCold   . . .      Faith    .   (shield currently unavailable)
rNeg    . . .      Spirit   .   a - +0 robe
rPois   .          Reflect  .   (helmet restricted)
rElec   .          Harm     .   (no cloak)
rCorr   .          Rampage  .   (gloves unavailable)
Will    +....      NoTele   +   (boots unavailable)
Stlth   +.........              (no amulet)
HPRegen 1.48/turn               (no ring)
MPRegen 0.27/turn               (no ring)

@: no status effects
A: large, unfitting armour, claws 3, regeneration 1, shaggy fur 1, tough skin 1
a: Renounce Religion, Minor Destruction, Lesser Servant of Makhleb, Major
Destruction, Greater Servant of Makhleb


You were in the Dungeon.
You worshipped Makhleb.
Makhleb was extremely pleased with you.
You visited 1 branch

Inventory:

Hand Weapons
 i - the +∞ Axe of Woe (weapon)
   (You found it in the Dungeon)
Missiles
 c - 5 boomerangs of dispersal (quivered)
Armour
 a - a +0 robe (worn)
Scrolls
 b - 2 scrolls of blinking
Potions
 d - a potion of curing
 e - a potion of heal wounds
 f - a potion of haste
 g - 2 potions of magic
 h - a potion of berserk rage


   Skills:
 + Level 23.4 Fighting
 + Level 23.4 Axes
 - Level 0.8 Throwing
 + Level 23.4 Armour
 + Level 23.4 Dodging
 - Level 2.0 Unarmed Combat
 + Level 19.0 Spellcasting
 + Level 21.9 Translocations
 + Level 16.3 Invocations


You had 56 spell levels left.
You didn't know any spells.
Your spell library contained the following spells:

 Spells                   Type           Power      Damage    Failure   Level
 Blink                    Tloc           N/A        N/A       0%          2
 Gell's Gravitas          Tloc           23%        N/A       0%          3
 Lesser Beckoning         Tloc           23%        N/A       0%          3
 Teleport Other           Tloc           47%        N/A       0%          3
 Manifold Assault         Tloc           47%        N/A       1%          5


Dungeon Overview and Level Annotations

Branches:
Dungeon (1/1)

Altars:
Makhleb

Annotations:
D The Servant


Innate Abilities, Weirdness & Mutations

You are too large for most types of armour.
You have claws for hands.
Your natural rate of healing is unusually fast.
You are covered in fur. (AC +1)
You have tough skin. (AC +1)


Message History

You dissect the meat berserker like a pig carcass.
You kill the meat berserker!
Makhleb accepts your kill.
You hear a shout!
An eight-headed meat hydra comes into view.
You hear a shout!
A bag of meat comes into view. It is wielding a +9 war axe.
You hear a shout!
A bag of meat comes into view. It is wielding a +9 war axe.
The destroyer blinks!
The bag of meat shouts!
Your Spellcasting skill increases to level 18!
Your Translocations skill increases to level 21!
Your Invocations skill gained 2 levels and is now at level 14!
The eight-headed meat hydra roars!
You slash the destroyer!
You dissect the destroyer like a pig carcass.
You destroy the destroyer!
Makhleb accepts your kill.
You can now summon a greater servant of Makhleb.
You feel better.
You hear a shout! x6
The eight-headed meat hydra calls on the powers of darkness!
The eight-headed meat hydra convulses!
The bag of meat convulses! x2
Your body is wracked with pain!
You hear a shout! x3
A bag of meat comes into view. It is wielding a +9 war axe.
You hear a shout! x3
Your Fighting skill increases to level 23!
Your Axes skill increases to level 23!
Your Armour skill increases to level 23!
Your Dodging skill increases to level 23!
Your Spellcasting skill increases to level 19!
Your Invocations skill gained 2 levels and is now at level 16!
The destroyer appears out of thin air!
A destroyer comes into view. It is wielding a +9 vorpal great sword.
You hear a shout! x4
The Servant hits you from afar with a +9 glaive of flaming!!!!
Ouch! That really hurt!
You die... .. .D #.. ..# #.. oo#

.###.. O.###.
.....V###......
....._z.... .
#...).# . ...
#_.<._# ...
....o#.@☼§.#.....
....O@.o§).......
.....o)###.......
..###.. ..###.. .
#o. ..# #o. o.#
... ... .... o...
.... .o..


You could see The Servant, a destroyer, a sculptor of flesh, a large bag of meat
(inner flame), a meat berserker (berserk) and 5 bags of meat.

Vanquished Creatures
  3 vampire knights (D)
  4 ogres (D)
  A two-headed ogre (D)
  7 orcs (D)
15 creatures vanquished.

Notes
Turn   | Place    | Note
-------+----------+-------------------------------------------
     0 | D        | Found the +∞ Axe of Woe
     0 | D        | arson the Troll Warper began the quest for the Orb.
     0 | D        | Reached XP level 1. HP: 19/19 MP: 1/1
     2 | D        | Noticed a bag of meat
     4 | D        | Became a worshipper of Makhleb the Destroyer
     7 | D        | Noticed a bag of meat
     7 | D        | Noticed a bag of meat
     7 | D        | Noticed a bag of meat
    10 | D        | Noticed a meat berserker
    11 | D        | Noticed a meat berserker
    11 | D        | Noticed a bag of meat
    12 | D        | Killed a bag of meat
    12 | D        | Noticed a meat berserker
    13 | D        | Reached skill level 10 in Fighting
    13 | D        | Reached skill level 10 in Axes
    13 | D        | Reached skill level 10 in Armour
    13 | D        | Reached skill level 10 in Dodging
    13 | D        | Reached skill level 10 in Translocations
    13 | D        | Reached XP level 2. HP: 27/46 MP: 1/10
    13 | D        | Reached XP level 3. HP: 32/54 MP: 1/11
    13 | D        | Reached XP level 4. HP: 36/62 MP: 1/13
    13 | D        | Reached XP level 5. HP: 41/70 MP: 1/14
    13 | D        | Reached XP level 6. HP: 46/79 MP: 1/16
    13 | D        | Reached XP level 7. HP: 51/87 MP: 1/17
    13 | D        | Reached XP level 8. HP: 55/94 MP: 1/19
    13 | D        | Reached XP level 9. HP: 60/102 MP: 1/20
    13 | D        | Reached XP level 10. HP: 65/111 MP: 1/21
    13 | D        | Reached XP level 11. HP: 70/119 MP: 1/22
    13 | D        | Killed a meat berserker
    13 | D        | Reached * piety under Makhleb
    13 | D        | Noticed a bag of meat
    14 | D        | Reached skill level 10 in Spellcasting
    14 | D        | Reached XP level 12. HP: 82/136 MP: 1/25
    14 | D        | Reached XP level 13. HP: 87/144 MP: 1/26
    14 | D        | Killed a bag of meat
    15 | D        | Reached XP level 14. HP: 64/156 MP: 1/28
    15 | D        | Killed a meat berserker
    15 | D        | Killed a bag of meat
    15 | D        | Reached ** piety under Makhleb
    16 | D        | Reached skill level 15 in Translocations
    16 | D        | Reached XP level 15. HP: 122/170 MP: 1/30
    16 | D        | Killed a meat berserker
    17 | D        | Reached XP level 16. HP: 134/185 MP: 2/33
    17 | D        | Reached *** piety under Makhleb
    17 | D        | Noticed a destroyer
    17 | D        | Noticed a large bag of meat
    18 | D        | Killed a destroyer
    19 | D        | Reached skill level 15 in Spellcasting
    19 | D        | Reached XP level 17. HP: 173/200 MP: 2/35
    20 | D        | Reached skill level 5 in Invocations
    24 | D        | Killed a large bag of meat
    24 | D        | Reached **** piety under Makhleb
    25 | D        | Reached XP level 18. HP: 158/213 MP: 4/37
    25 | D        | Noticed a destroyer
    25 | D        | Noticed a large bag of meat
    25 | D        | Noticed a meat berserker
    25 | D        | Noticed a destroyer
    26 | D        | Killed a destroyer
    26 | D        | Noticed The Servant
    27 | D        | Reached XP level 19. HP: 183/226 MP: 4/39
    28 | D        | Noticed a meat berserker
    29 | D        | Killed a meat berserker
    29 | D        | Noticed an eight-headed meat hydra
    30 | D        | Killed a destroyer
    30 | D        | Reached ***** piety under Makhleb
    31 | D        | Demolished by The Servant

Illustrated notes

Levels and vault maps discovered:
D:        meatsprint

Skill      XL: |  1  2  3  4  5  6  7  8  9 10 11 12 13 14 15 16 17 18 19 |
---------------+----------------------------------------------------------+-----
Fighting       | 10 13 14 16 17 19 20 22 23 | 23.4
Axes           | 10 13 14 16 17 19 20 22 23 | 23.4
Armour         | 10 13 14 16 17 19 20 22 23 | 23.4
Dodging        | 10 13 14 16 17 19 20 22 23 | 23.4
Spellcasting   | 8 10 11 12 14 15 16 17 19 | 19.0
Translocations | 10 12 13 15 16 18 19 20 21 | 21.9
Invocations    | 8 12 16 | 16.3
Throwing       | |  0.8
Unarmed Combat | |  2.0

Action                   |  1- 3 |  4- 6 |  7- 9 | 10-12 | 13-15 | 16-18 | 19-21 || total
-------------------------+-------+-------+-------+-------+-------+-------+-------++-------
Melee: Executioner's axe |     1 |       |       |     1 |     3 |     5 |     2 ||    12
Invok: Minor Destruction |       |       |       |       |       |     2 |       ||     2
Dodge: Dodged            |       |       |       |       |       |       |     1 ||     1

Table legend: (Time is in decaauts)
 A = Elapsed time spent in this place.
 B = Non-inter-level travel time spent in this place.
 C = Inter-level travel time spent in this place.
 D = Time resting spent in this place.
 E = Time spent auto-exploring this place.
 F = Levels seen in this place.
 G = Mean time per level.
                   A        B        C        D        E       F      G
               +--------+--------+--------+--------+--------+-----+--------+
         Total |     32 |     32 |      0 |      2 |      0 |   1 |   32.0 |
       Dungeon |     32 |     32 |      0 |      2 |      0 |   1 |   32.0 |
               +--------+--------+--------+--------+--------+-----+--------+

Top non-repeatable levels by time:
       D: 32 daAuts
